 Dungeon Crawl Stone Soup version 0.29.1-1-gd02db6906a (webtiles) character file.

Game seed: 3865803006260017747

19240 Zeld the Severer (level 12, -4/165 HPs)
             Began as a Minotaur Berserker on Oct 11, 2022.
             Was an Elder of Trog.
             Constricted to death by Jorgrun (12 damage)
             ... on level 13 of the Dungeon.
             The game lasted 00:17:02 (19841 turns).

Zeld the Severer (Minotaur Berserker)              Turns: 19841, Time: 00:17:03

Health: -4/165     AC: 20    Str: 28    XL:     12   Next: 34%
Magic:  11/11      EV:  5    Int:  4    God:    Trog [****..]
Gold:   939        SH:  8    Dex:  9    Spells: 11/11 levels left

rFire   . . .      SeeInvis +   a - +0 war axe
rCold   . . .      Faith    .   I - +2 kite shield
rNeg    . . .      Spirit   .   b - +0 plate armour
rPois   .          Reflect  .   k - +0 mask of the Dragon {Will+ Slay+3 SInv}
rElec   .          Harm     .   r - +0 cloak
rCorr   .          Rampage  .   w - +2 pair of gloves
Will    +....                   (no boots)
Stlth   ..........              (no amulet)
HPRegen 0.37/turn               L - ring of flight
MPRegen 0.12/turn               (no ring)

@: berserking, grasped by roots, flying, constricted, very quick
A: horns 2, retaliatory headbutt
a: Renounce Religion, Berserk, Trog's Hand, Brothers in Arms


You were on level 13 of the Dungeon.
You worshipped Trog.
Trog was greatly pleased with you.
You visited 2 branches of the dungeon, and saw 14 of its levels.
You also visited: Ossuary and Bailey.

You collected 1194 gold pieces.
You spent 255 gold pieces at shops.

Inventory:

Hand Weapons
 a - a +0 war axe (weapon)
Missiles
 e - 63 poisoned darts
 l - 13 boomerangs
 H - 2 curare-tipped darts
 N - 2 boomerangs of dispersal
Armour
 b - a +0 plate armour (worn)
 k - the +0 mask of the Dragon (worn) {Will+ Slay+3 SInv}
   (You acquired it on level 10 of the Dungeon)

   Slay:      It affects your accuracy & damage with ranged weapons and melee
   (+3).
   SInv:      It lets you see invisible.
   Will:      It increases your willpower.
 r - a +0 cloak (worn)
 w - a +2 pair of gloves (worn)
 A - a +0 pair of gloves
 I - a +2 kite shield (worn)
Jewellery
 n - a ring of protection from cold
 L - a ring of flight (left hand)
 M - a +6 ring of strength
Wands
 q - a wand of digging (9)
 x - a wand of flame (24)
 y - a wand of roots (24)
 K - a wand of charming (4)
Scrolls
 g - 2 scrolls of enchant weapon
 h - 3 scrolls of blinking
 m - 8 scrolls of teleportation
 o - a scroll of silence
 t - 3 scrolls of magic mapping
 C - a scroll of identify
 E - a scroll of summoning
 G - 5 scrolls of enchant armour
Potions
 c - a potion of magic {unknown}
 d - 4 potions of flight {unknown}
 f - 3 potions of haste {unknown}
 i - a potion of lignification {unknown}
 j - 5 potions of heal wounds {unknown}
 p - 7 potions of mutation {unknown}
 s - 3 potions of might
 u - 4 potions of curing {unknown}
 v - a potion of ambrosia {unknown}
 z - 6 potions of cancellation {unknown}
 B - 2 potions of berserk rage {unknown}
 D - 5 potions of attraction {unknown}
 F - 7 potions of brilliance
 J - 4 potions of invisibility {unknown}


   Skills:
 + Level 11.6 Fighting
 * Level 15.8 Axes
 + Level 11.3 Armour
 + Level 10.4 Dodging


You had 11 spell levels left.
You didn't know any spells.
Your spell library was empty.

Dungeon Overview and Level Annotations

Branches:
Dungeon (13/15)            Temple (1/1) D:5            Lair (0/5) D:8
    Orc (0/2) D:10        Ossuary (visited)          Bailey (visited)
 Vaults: D:13-14

Altars:
Ashenzari
Cheibriados
Dithmenos
Elyvilon
Fedhas
Gozag
Hepliaklqana
Kikubaaqudgha
Makhleb
Nemelex Xobeh
Okawaru
Qazlal
Ru
Sif Muna
Trog
Uskayaw
Vehumet
Wu Jian
Xom
Yredelemnul
Zin
The Shining One

Shops:
D:8 [

Annotations:
D:13 Jorgrun


Innate Abilities, Weirdness & Mutations

You have a pair of horns on your head.
You reflexively headbutt those who attack you in melee.


Message History

The grasping roots constrict you! The gargoyle barely misses you.
You miss Jorgrun. Your headbutt misses Jorgrun.
Jorgrun is heavily wounded.
You barely miss the gargoyle.
Jorgrun hits you with a +0 vorpal quarterstaff!
The grasping roots constrict you! The gargoyle hits you with a +0 flail.
* * * LOW HITPOINT WARNING * * *
Unknown command.
You are too injured to fight recklessly!
Unknown command.
You are too injured to fight recklessly!
A red film seems to cover your vision as you go berserk!
You feel yourself moving faster!
You feel mighty! Trog will no longer gift you weapons.
Jorgrun barely misses you. The grasping roots constrict you!
* * * LOW HITPOINT WARNING * * *
The gargoyle hits you but does no damage.
You slice Jorgrun!! Your headbutt misses Jorgrun.
Jorgrun is severely wounded.
You slash the gargoyle! Jorgrun barely misses you.
The grasping roots constrict you!
* * * LOW HITPOINT WARNING * * *
The gargoyle hurls a stone arrow at you.
You block the stone arrow.
You hit the gargoyle but do no damage.
The gargoyle is heavily damaged.
You slash Jorgrun!
Unknown command.
You slice the gargoyle!!
You destroy the gargoyle!
Trog accepts your kill.
You barely miss Jorgrun. Jorgrun casts a spell at you.
You easily resist.
The grasping roots constrict you!
* * * LOW HITPOINT WARNING * * *
You slash Jorgrun!
Jorgrun is almost dead.
Jorgrun casts a spell at you.
You easily resist.
The grasping roots constrict you!
You die...

..... ###
.....##.#
.....#..###
..........##
...........#
..........###
......).....#
......g@...#
.##...##..##
### #...#
#..## #..#
#.#####
#.#..<#
#.....# #
#.....# .##


You could see Jorgrun.

Vanquished Creatures
  Harold (D:10)
  A centaur warrior (D:13)
  3 two-headed ogres
  A wizard (D:13)
  2 ugly things
  3 deep elf pyromancers (D:10)
  A deep elf zephyrmancer (D:13)
  3 cyclopes
  2 gargoyles
  An unseen horror (D:12)
  A komodo dragon (D:13)
  3 kobold demonologists
  A tengu conjurer (D:13)
  4 trolls
  A shadow (D:10)
  2 wraiths
  19 yaks
  3 wyverns
  3 steam dragons
  2 acid dragons (D:11)
  A water moccasin (D:5)
  4 orc warriors
  2 black bears
  2 ice beasts
  2 sky beasts
  2 ogres
  A centaur (D:6)
  A phantom (D:6)
  8 kobold brigands
  An elf zombie (Ossuary)
  4 bullfrogs
  3 necrophages
  3 scorpions
  9 wights
  3 killer bees (D:9)
  3 human zombies (Ossuary)
  4 orc priests
  3 hounds
  3 jellies
  2 centaur zombies (Ossuary)
  A gnoll bouda (D:5)
  7 iguanas
  6 orc wizards
  3 mummies (Ossuary)
  14 gnolls
  3 adders
  A shadow imp (D:8)
  A white imp (D:7)
  4 adder zombies (Ossuary)
  14 dart slugs
  53 orcs
  8 ball pythons
  15 bats
  7 endoplasms
  3 giant cockroaches
  2 gnoll zombies (Ossuary)
  7 goblins
  7 hobgoblins
  4 jackals (D:4)
  3 quokkas (D:1)
  A frilled lizard (D:2)
  A goblin zombie (Ossuary)
  A hobgoblin zombie (Ossuary)
  5 jackal zombies (Ossuary)
  37 kobolds
  3 kobold zombies (Ossuary)
  An orc zombie (Ossuary)
  5 quokka zombies (Ossuary)
  3 rats
  4 rat zombies (Ossuary)
342 creatures vanquished.

Vanquished Creatures (collateral kills)
  A boulder beetle (D:10)
1 creature vanquished.

Vanquished Creatures (others)
  2 kobolds (D:9)
  3 fungi (D:1)
  A plant (D:1)
6 creatures vanquished.

Grand Total: 349 creatures vanquished

Notes
Turn   | Place    | Note
-------+----------+-------------------------------------------
     0 | D:1      | Zeld the Minotaur Berserker began the quest for the Orb.
     0 | D:1      | Reached XP level 1. HP: 19/19 MP: 0/0
   270 | D:1      | Reached XP level 2. HP: 24/27 MP: 1/1
   325 | D:1      | Reached skill level 4 in Axes
   574 | D:1      | Found a faded altar of an unknown god.
   876 | D:1      | Reached XP level 3. HP: 29/33 MP: 2/2
  1415 | D:2      | Reached ** piety under Trog
  1727 | D:2      | Reached XP level 4. HP: 38/40 MP: 3/3
  2939 | D:3      | Reached skill level 5 in Axes
  3590 | D:4      | Noticed a necrophage
  3600 | D:4      | Killed a necrophage
  3601 | D:4      | Reached XP level 5. HP: 37/47 MP: 4/4
  3679 | D:4      | Noticed an ogre
  3685 | D:4      | Killed an ogre
  4073 | D:4      | Reached skill level 6 in Axes
  4073 | D:4      | Reached XP level 6. HP: 25/55 MP: 5/5
  5170 | D:5      | Entered Level 5 of the Dungeon
  5277 | D:5      | Reached skill level 5 in Fighting
  5277 | D:5      | Found a staircase to the Ecumenical Temple.
  5330 | Temple   | Entered the Ecumenical Temple
  5723 | D:5      | Reached *** piety under Trog
  5821 | D:5      | Noticed a water moccasin
  5840 | D:5      | Killed a water moccasin
  5841 | D:5      | Reached skill level 7 in Axes
  5841 | D:5      | Reached XP level 7. HP: 61/61 MP: 6/6
  6301 | D:5      | Reached skill level 5 in Armour
  6755 | D:5      | Found a hazy altar of Hepliaklqana.
  6755 | D:5      | Found an ornate altar of the Wu Jian Council.
  6763 | D:5      | Found a faded altar of an unknown god.
  6766 | D:5      | Found a faded altar of an unknown god.
  6767 | D:5      | Found a broken altar of Ashenzari.
  6874 | D:5      | Reached XP level 8. HP: 54/70 MP: 7/7
  6972 | D:5      | Reached skill level 8 in Axes
  7099 | D:5      | Reached skill level 5 in Dodging
  8103 | D:6      | Reached skill level 9 in Axes
  8706 | D:7      | Found a sand-covered staircase.
  8716 | Ossuary  | Entered an ossuary
  9071 | Ossuary  | Reached **** piety under Trog
  9139 | D:7      | Reached XP level 9. HP: 73/79 MP: 8/8
  9525 | D:7      | Reached skill level 10 in Axes
 10392 | D:8      | Noticed a two-headed ogre
 10543 | D:8      | Found Zuots's Antique Armour Emporium.
 10554 | D:8      | Killed a two-headed ogre
 10555 | D:8      | Reached skill level 11 in Axes
 10693 | D:8      | Bought a glowing kite shield for 255 gold pieces
 11217 | D:8      | Reached XP level 10. HP: 89/90 MP: 9/9
 11237 | D:8      | Found a staircase to the Lair.
 11379 | D:8      | Found Zuots's Antique Armour Emporium.
 11390 | D:8      | Found a staircase to the Lair.
 11635 | D:9      | Found a hide-covered altar of Uskayaw.
 11846 | D:9      | Identified the +1 leather armour "Luhaf" {rPois}
 12033 | D:9      | Found a flagged portal.
 12045 | Bailey   | Entered a bailey
 12726 | D:9      | Reached skill level 12 in Axes
 12726 | D:9      | Reached ***** piety under Trog
 12835 | D:9      | Found a shadowy altar of Dithmenos.
 13570 | D:10     | Entered Level 10 of the Dungeon
 13570 | D:10     | Noticed a boulder beetle
 13578 | D:10     | Noticed Harold
 13858 | D:10     | Found a burning altar of Makhleb.
 13915 | D:10     | Killed Harold
 14621 | D:10     | Killed a boulder beetle
 14622 | D:10     | Reached skill level 13 in Axes
 14893 | D:10     | Noticed a two-headed ogre
 14903 | D:10     | Killed a two-headed ogre
 14904 | D:10     | Reached XP level 11. HP: 73/99 MP: 10/10
 15220 | D:10     | Noticed a deep elf pyromancer
 15220 | D:10     | Noticed a deep elf pyromancer
 15236 | D:10     | Killed a deep elf pyromancer
 15237 | D:10     | Reached skill level 10 in Fighting
 15245 | D:10     | Killed a deep elf pyromancer
 15266 | D:10     | Noticed a deep elf pyromancer
 15273 | D:10     | Killed a deep elf pyromancer
 15389 | D:10     | Noticed a deep elf zephyrmancer
 15694 | D:10     | Reached skill level 10 in Armour
 15697 | D:10     | Reached skill level 14 in Axes
 15944 | D:10     | Found a staircase to the Orcish Mines.
 15948 | D:10     | Identified a scroll of acquirement
 15954 | D:10     | Acquired the +0 mask of the Dragon {Will+ Slay+3 SInv}
 15954 | D:10     | Found the +0 mask of the Dragon {Will+ Slay+3 SInv}
 15995 | D:10     | Received a gift from Trog
 16599 | D:11     | Noticed a two-headed ogre
 16610 | D:11     | Killed a two-headed ogre
 17373 | D:11     | Noticed a red ugly thing
 17383 | D:11     | Killed a red ugly thing
 17933 | D:12     | Reached skill level 15 in Axes
 18252 | D:12     | Noticed a boulder beetle
 18533 | D:12     | Reached skill level 10 in Dodging
 18533 | D:12     | Reached XP level 12. HP: 95/110 MP: 11/11
 18598 | D:12     | Found a broken altar of Ashenzari.
 19466 | D:13     | Noticed a centaur warrior
 19474 | D:13     | Killed a centaur warrior
 19827 | D:13     | Noticed Jorgrun
 19840 | D:13     | HP: 8/165 [constriction (10)]
 19841 | D:13     | Constricted to death by Jorgrun

Illustrated notes

Levels and vault maps discovered:
D:1:      reono_arrival_mine, layout_loops_cross,
          dreamdust_ecumenical_altar_hidden_monk_grotto
D:2:      layout_loops_ring, minmay_tetromino_t2
D:3:      layout_basic, grunt_decor_resistance, minmay_misc_feat_columns
D:4:      layout_basic
D:5:      kennysheep_slugbush, layout_basic,
          chequers_temple_overflow_minitemple,
          minmay_temple_entry_statues_fountains
D:6:      layout_cave_pools
D:7:      layout_loops_cross, lightli_ossuary_entry_decrepit_ruins
D:8:      layout_rooms, lair_entry_dummy, serial_shops, kennysheep_little_box
D:9:      layout_big_octagon, amcnicky_altar_gilded,
          mainiacjoe_overflow_catwalk, enter_bailey_4, nicolae_benzene_ring,
          minivault_5
D:10:     layout_long_grid, mainiacjoe_overflow_chevrons, hiddenorc1_lemuel,
          bh_hangedman_babel_library, uniq_harold
D:11:     layout_basic
D:12:     layout_cave_pools, cheibrodos_ashenzari_chains
D:13:     layout_cave_pools, david_vaults_5, lemuel_zombie_altar_yredelemnul,
          uniq_jorgrun
Temple:   eino_temple_rhombus

Skill      XL: |  1  2  3  4  5  6  7  8  9 10 11 12 |
---------------+-------------------------------------+-----
Axes           | 4 5 6 7 9 11 13 15 | 15.8
Fighting       | 4 5 6 7 8 9 11 | 11.6
Armour         | 3 4 5 6 8 9 10 11 | 11.3
Dodging        | 3 4 6 7 8 10 | 10.4

Action                   |  1- 3 |  4- 6 |  7- 9 | 10-12 || total
-------------------------+-------+-------+-------+-------++-------
Melee: Hand axe          |    96 |   146 |   113 |       ||   355
       Headbutt          |    12 |    28 |    63 |    89 ||   192
       Punch             |     2 |       |     1 |       ||     3
       War axe           |       |       |   202 |   431 ||   633
Invok: Berserk           |       |     3 |     5 |    12 ||    20
       Brothers in Arms  |       |       |       |     1 ||     1
Evoke: Wand              |       |       |       |     1 ||     1
  Use: Scroll            |       |       |       |    13 ||    13
 Stab: Sleeping          |       |     1 |       |       ||     1
Armor: Animal skin       |    37 |    43 |   107 |     9 ||   196
       Plate armour      |       |       |       |   177 ||   177
       Leather armour    |       |       |       |    25 ||    25
Dodge: Dodged            |    92 |    90 |   195 |   160 ||   537
Block: Kite shield       |       |       |     4 |   185 ||   189
